 Dungeon Crawl Stone Soup version 0.26.1-11-gd32895ea62 (webtiles) character file.

Game seed: 11369831863846927476

1483049 porpoise the Invulnerable (level 27, 198/198 HPs)
             Began as a Halfling Wanderer on Aug 7, 2021.
             Was a High Priest of Okawaru.
             Escaped with the Orb
             ... and 3 runes on Aug 14, 2021!
             The game lasted 09:49:19 (121931 turns).

porpoise the Invulnerable (Halfling Wanderer)     Turns: 121931, Time: 09:49:20

Health: 198/198    AC: 49    Str: 24    XL:     27
Magic:  30/30      EV: 23    Int:  7    God:    Okawaru [*****.]
Gold:   4250       SH: 12    Dex: 16    Spells: 25/30 levels left

rFire    + + +     SeeInvis +   a - +8 arc blade {discharge, rElec}
rCold    + . .     Faith    .   Y - +1 buckler {reflect}
rNeg     + + .     Spirit   +   k - +9 gold dragon scales
rPois    +         Reflect  +   d - +2 hat {Will+}
rElec    +         Harm     .   F - +1 cloak {Will+}
rCorr    .         Rampage  .   p - +2 pair of gloves {archery}
Will     +++++                  A - +0 pair of boots of Pogetamoo {rF+ rN++ Will+ SInv}
Stlth    ..........             S - amulet of Caeceicseif {Spirit rPois rF+++ rC- Int+2}
HPRegen  0.43/turn              K - +4 ring of slaying
MPRegen  0.22/turn              E - ring "Kaosteysm" {Ice +Blink rPois Int-5 Stlth+}

@: no status effects
A: small, iridescent scales 1, frail 1, mutation resistance 1
0: Orb of Zot
}: 3/15 runes: decaying, serpentine, silver
a: Renounce Religion, Evoke Blink, Heroism, Finesse


You escaped.
You worshipped Okawaru.
Okawaru was extremely pleased with you.
You visited 13 branches of the dungeon, and saw 55 of its levels.
You visited 2 bazaars.
You also visited: Sewer, Gauntlet, Ice Cave and Wizlab.

You collected 8616 gold pieces.
You spent 4366 gold pieces at shops.

Inventory:

Hand Weapons
 a - the +8 arc blade (weapon) {discharge, rElec}
   (You found it in a Gauntlet)

   It insulates you from electricity.
 b - a +9 fustibalus of electrocution
Missiles
 f - 70 sling bullets
 x - 13 silver boomerangs (quivered)
Armour
 d - a +2 hat of willpower (worn)
 i - a +2 pair of boots of stealth
 k - +9 gold dragon scales (worn)
 p - a +2 pair of gloves of archery (worn)
 A - the +0 pair of boots of Pogetamoo (worn) {rF+ rN++ Will+ SInv}
   (Okawaru gifted it to you on level 3 of the Vaults)

   It protects you from fire.
   It greatly protects you from negative energy.
   It affects your willpower, your defense against some magical effects.
   It lets you see invisible.
 F - a +1 cloak of willpower (worn)
 Y - a +1 buckler of reflection (worn)
Jewellery
 E - the ring "Kaosteysm" (right hand) {Ice +Blink rPois Int-5 Stlth+}
   (You found it in a Gauntlet)

   [ring of ice]

   It enhances your ice magic.
   It affects your intelligence (-5).
   It makes you vulnerable to fire.
   It protects you from cold.
   It protects you from poison.
   It lets you blink.
   It makes you more stealthy.
 K - a +4 ring of slaying (left hand)
 S - the amulet of Caeceicseif (around neck) {Spirit rPois rF+++ rC- Int+2}
   (You found it on level 3 of the Crypt)

   [amulet of guardian spirit]

   It causes incoming damage to be split between your health and magic.
   It affects your intelligence (+2).
   It renders you almost immune to fire.
   It makes you vulnerable to cold.
   It protects you from poison.
Wands
 s - a wand of digging (3)
 H - a wand of paralysis (75)
 J - a wand of acid (62)
 O - a wand of disintegration (78)
 V - a wand of enslavement (26)
 X - a wand of iceblast (57)
Scrolls
 e - 24 scrolls of remove curse
 g - 2 scrolls of enchant armour
 j - 5 scrolls of teleportation
 l - 5 scrolls of magic mapping
 v - 11 scrolls of fear
 y - 10 scrolls of vulnerability
 C - 9 scrolls of fog
 I - a scroll of blinking
 N - a scroll of holy word
 R - 38 scrolls of identify
 T - a scroll of silence
Potions
 c - 14 potions of lignification
 h - 6 potions of mutation
 m - 17 potions of curing
 z - 10 potions of cancellation
 B - 3 potions of ambrosia
 G - 11 potions of heal wounds
 L - 8 potions of might
 M - 5 potions of resistance
 U - 6 potions of haste
 Z - a potion of invisibility
Miscellaneous
 n - a condenser vane
 q - a lightning rod (4/4)
 t - a tin of tremorstones (2/2)
 u - the horn of Geryon
 D - a box of beasts
 P - a phantom mirror


   Skills:
 - Level 26.0 Fighting
 - Level 14.0 Short Blades
 - Level 1.0(5.5) Axes
 - Level 8.0 Maces & Flails
 - Level 14.0(14.1) Slings
 - Level 1.0(6.6) Throwing
 O Level 27 Armour
 + Level 24.6 Dodging
 - Level 21.0 Shields
 - Level 2.4 Spellcasting
 - Level 2.0 Ice Magic
 - Level 10.0 Invocations
 - Level 16.0 Evocations


You had 25 spell levels left.
You knew the following spells:

 Your Spells              Type           Power        Failure   Level
k - Blink                 Tloc           N/A          99%         2
p - Portal Projectile     Hex/Tloc       0%           100%        3

Your spell library contained the following spells:

 Spells                   Type           Power        Failure   Level
 Freeze                   Ice            20%          77%         1
 Animate Skeleton         Necr           0%           95%         1
 Apportation              Tloc           0%           95%         1
 Corona                   Hex            0%           95%         1
 Foxfire                  Conj/Fire      0%           95%         1
 Magic Dart               Conj           0%           95%         1
 Pain                     Necr           0%           95%         1
 Sandblast                Erth           0%           95%         1
 Shock                    Conj/Air       0%           95%         1
 Summon Small Mammal      Summ           0%           95%         1
 Ensorcelled Hibernation  Hex/Ice        6%           95%         2
 Frozen Ramparts          Ice            10%          98%         3
 Ozocubu's Armour         Ice            5%           98%         3
 Call Imp                 Summ           0%           99%         2
 Corpse Rot               Necr/Air       N/A          99%         2
 Passwall                 Tmut/Erth      0%           99%         2
 Poisonous Vapours        Pois/Air       0%           99%         2
 Slow                     Hex            0%           99%         2
 Swiftness                Air            0%           99%         2
 Call Canine Familiar     Summ           0%           100%        3
 Confusing Touch          Hex            0%           100%        3
 Conjure Flame            Conj/Fire      0%           100%        3
 Gell's Gravitas          Tloc           0%           100%        3
 Inner Flame              Hex/Fire       0%           100%        3
 Lesser Beckoning         Tloc           0%           100%        3
 Mephitic Cloud           Conj/Pois/Air  0%           100%        3
 Static Discharge         Conj/Air       0%           100%        3
 Stone Arrow              Conj/Erth      0%           100%        3
 Summon Guardian Golem    Hex/Summ       0%           100%        3
 Teleport Other           Tloc           0%           100%        3
 Tukima's Dance           Hex            0%           100%        3
 Vampiric Draining        Necr           0%           100%        3
 Airstrike                Air            0%           100%        4
 Animate Dead             Necr           0%           100%        4
 Cause Fear               Hex            0%           100%        4
 Dispel Undead            Necr           0%           100%        4
 Hailstorm                Conj/Ice       3%           100%        4
 Ice Form                 Ice/Tmut       3%           100%        4
 Leda's Liquefaction      Hex/Erth       0%           100%        4
 Olgreb's Toxic Radiance  Pois           0%           100%        4
 Passage of Golubria      Tloc           N/A          100%        4
 Petrify                  Tmut/Erth      0%           100%        4
 Sticky Flame             Conj/Fire      0%           100%        4
 Summon Ice Beast         Ice/Summ       3%           100%        4
 Summon Lightning Spire   Summ/Air       0%           100%        4
 Agony                    Necr           0%           100%        5
 Alistair's Intoxication  Tmut/Pois      0%           100%        5
 Bolt of Magma            Conj/Fire/Erth 0%           100%        5
 Excruciating Wounds      Necr           0%           100%        5
 Fireball                 Conj/Fire      0%           100%        5
 Irradiate                Conj/Tmut      0%           100%        5
 Iskenderun's Battlesphe  Conj           0%           100%        5
 Lee's Rapid Deconstruct  Erth           0%           100%        5
 Lightning Bolt           Conj/Air       0%           100%        5
 Metabolic Englaciation   Hex/Ice        1%           100%        5
 Silence                  Hex/Air        0%           100%        5
 Summon Forest            Summ/Tloc      0%           100%        5
 Yara's Violent Unravell  Hex/Tmut       0%           100%        5
 Conjure Ball Lightning   Conj/Air       0%           100%        6
 Eringya's Noxious Bog    Tmut/Pois      0%           100%        6
 Freezing Cloud           Conj/Ice/Air   1%           100%        6
 Hydra Form               Tmut           0%           100%        6
 Invisibility             Hex            0%           100%        6
 Iron Shot                Conj/Erth      0%           100%        6
 Ozocubu's Refrigeration  Ice            2%           100%        6
 Simulacrum               Ice/Necr       1%           100%        6
 Statue Form              Tmut/Erth      0%           100%        6
 Dragon Form              Tmut           0%           100%        7
 Orb of Destruction       Conj           0%           100%        7
 Spellforged Servitor     Conj/Summ      0%           100%        7
 Summon Hydra             Summ           0%           100%        7
 Disjunction              Tloc           0%           100%        8
 Infestation              Necr           0%           100%        8
 Dragon's Call            Summ           0%           100%        9
 Tornado                  Air            0%           100%        9


Dungeon Overview and Level Annotations

Branches:
Dungeon (15/15)            Temple (1/1) D:7            Lair (6/6) D:10
  Swamp (4/4) Lair:4        Snake (4/4) Lair:2        Slime (0/5) Lair:6
    Orc (2/2) D:12            Elf (3/3) Orc:2        Vaults (5/5) D:13
  Crypt (3/3) Vaults:3       Tomb (0/3) Crypt:3      Depths (5/5) D:15
   Hell (visited)             Dis (0/7) Hell            Geh (1/7) Hell
    Coc (0/7) Hell            Tar (0/7) Hell            Zot (5/5) Depths:5
  Sewer (visited)           IceCv (visited)          WizLab (visited)
Gauntlet (visited)

Altars:
Ashenzari
Cheibriados
Dithmenos
Elyvilon
Fedhas
Gozag
Hepliaklqana
Kikubaaqudgha
Makhleb
Nemelex Xobeh
Okawaru
Qazlal
Ru
Sif Muna
Trog
Uskayaw
Vehumet
Wu Jian
Xom
Yredelemnul
Zin
The Shining One
Jiyva

Shops:
D:7 [:   Orc:2 [([=   Elf:2 *   Snake:1 (=}=(   Snake:2 *(   Snake:3 }
Depths:4 *

Portals:
Hell: Depths:1 Depths:2 Depths:3 Depths:4 Depths:5
Abyss: Depths:1 Depths:4 Depths:5
Pandemonium: Depths:2 Depths:3 Depths:4 Depths:5
Ziggurat: Depths:3

Annotations:
Zot:1 3 runed translucent doors, Afef Aqu's ghost, adept MiBe; Jofris Vesimp's ghost, legendary GnFE; Per Qanud's ghost, legendary GnSk; wilo's ghost, master MfBe
Zot:3 exclusion: downstairs


Innate Abilities, Weirdness & Mutations

You are small and have problems with some larger weapons.
You are somewhat resistant to further mutation.
You are partially covered in iridescent scales. (AC +2)
You are frail. (-10% HP)


Message History

You climb upwards.
There is a stone staircase leading down here.
Unknown command.
You block the bat's attack. You block the bat's attack.
You block the bat's attack. The bat completely misses you.
The bat hits you but does no damage. You block the bat's attack.
The bat closely misses you. You block the bat's attack.
The bat closely misses you. You block the bat's attack.
The bat completely misses you. The bat completely misses you.
You block the bat's attack. You block the bat's attack.
You block the bat's attack.
You puncture the bat!
You kill the bat!
There is a staircase leading out of the dungeon here.
You have escaped!

####### ##.....##
##.#####.#
#..8≈8≈8.###
#@.≈≈≈≈≈...#
#..8≈8≈8.#.#
##.#####.#.#
##.....##.#######
########........
########. #. #.
#.


There were no monsters in sight!

Vanquished Creatures
  3 orbs of fire
  4 ancient liches
  A juggernaut (Depths:5)
  Sojobo (Crypt:3)
  A shard shrike (Zot:5)
  the Lernaean hydra (Swamp:4)
  Boris (twice) (Depths:3 Crypt:1)
  5 Killer Klowns
  Vashnia (Snake:2)
  A caustic shrike (Zot:5)
  3 curse toes
  12 golden dragons
  Geryon (Hell)
  the Enchantress (Depths:3)
  Nikola (Swamp:2)
  A bone dragon (Crypt:3)
  12 Brimstone Fiends (Geh:1)
  Jorgrun (Swamp:2)
  4 electric golems
  An Ice Fiend (IceCv)
  4 liches
  18 tentacled monstrosities
  2 Hell Sentinels
  7 titans (Vaults:5)
  27 Orb Guardians
  Rupert (D:15)
  8 quicksilver dragons
  Asterion (Snake:4)
  4 deep elf master archers (Elf:3)
  10 death cobs
  An Executioner (D:6)
  3 deep elf blademasters (Elf:3)
  10 ancient champions
  4 sphinxes
  Agnes (Snake:2)
  3 thorn hunters
  11 shadow dragons
  The ghost of Zunwa the Severer, an adept MiBe of Trog (Snake:3)
  7 draconian monks
  4 revenants
  12 storm dragons
  13 tengu reavers
  7 nagarajas (Snake:4)
  Roxanne (Elf:1)
  2 iron dragons
  7 deep elf sorcerers (Elf:3)
  25 vault wardens
  17 fire giants
  3 ghost moths
  3 balrugs (Geh:1)
  8 frost giants
  7 draconian knights
  6 draconian shifters
  6 deep elf elementalists
  3 curse skulls
  12 draconian scorchers
  Aizul (Snake:1)
  A spriggan defender (Depths:3)
  11 draconian stormcallers
  15 very ugly things
  13 ghouls
  5 war gargoyles
  5 reapers
  The ghost of Mocoden the Cleaver, a journeyman FoFi of Okawaru (D:14)
  32 stone giants
  5 draconian annihilators
  16 ironheart preservers
  12 green draconians
  8 deep elf demonologists
  The ghost of dtburroughs the Cleaver, a journeyman MiBe of Trog (Lair:1)
  A minotaur (Gauntlet)
  A green draconian (shapeshifter) (Zot:2)
  8 vampire knights
  10 purple draconians
  3 spark wasps (Depths:3)
  3 lorocyprocas
  A yellow draconian (shapeshifter) (Zot:2)
  12 white draconians
  11 deep elf annihilators
  14 red draconians
  A black draconian (shapeshifter) (Zot:2)
  2 bunyips
  An entropy weaver (Vaults:3)
  13 yellow draconians
  The ghost of Ceyroiss the Quickloader, a journeyman HuWn of Dithmenos (Lair:4)
  8 black draconians
  6 eleionomae
  16 ettins
  9 deep elf death magi
  A green death (D:14)
  The ghost of jlumianski the Thaumaturge, a journeyman GnWr of Qazlal (D:11)
  2 mummy priests (Crypt:3)
  19 jiangshi
  8 deep elf high priests
  The ghost of Ypehuijo the Spear-Bearer, a journeyman OpFi of Gozag (Lair:5)
  9 eidola
  6 fire dragons
  13 yaktaur captains
  32 hydras
  6 rakshasas
  12 naga warriors
  2 quicksilver dragon skeletons
  2 boulder beetles
  29 vault guards
  4 spriggan air magi (Depths:3)
  3 hell beasts (Hell)
  13 great orbs of eyes
  A hydra (shapeshifter) (Depths:2)
  A monstrous demonspawn (Depths:5)
  4 ice dragons
  3 ghost crabs
  Erica (D:8)
  9 anacondas
  12 centaur warriors
  4 catoblepae
  An anaconda (shapeshifter) (Vaults:3)
  67 two-headed ogres
  28 dancing weapons
  21 ogre magi
  18 death yaks
  7 death knights
  11 deep troll shamans
  7 deep troll earth magi
  5 tengu warriors
  5 hell hogs
  13 alligators
  An orc high priest (Orc:2)
  10 vampire magi
  A titan zombie (Geh:1)
  7 shock serpents
  9 spriggan berserkers
  A thrashing horror (Gauntlet)
  2 shock serpents (shapeshifter)
  6 soul eaters
  Sonja (Lair:6)
  22 deep elf knights
  22 naga sharpshooters
  2 storm dragon zombies
  5 salamander mystics
  2 iron golems (Hell)
  21 hell knights
  2 spectral death yaks (Lair:1)
  A sixfirhy (Depths:5)
  8 sun demons
  9 shadow wraiths
  39 skeletal warriors
  A goliath frog (Swamp:2)
  8 glowing orange brains
  10 iron trolls
  7 flayed ghosts
  3 storm dragon skeletons
  3 unseen horrors
  27 deep trolls
  2 anaconda zombies (Hell)
  4 spriggan druids
  9 swamp dragons
  A tengu zombie (Vaults:4)
  6 wizards
  A gelid demonspawn (Depths:4)
  A shadow demon (Depths:4)
  A shadow dragon zombie (Geh:1)
  A bunyip skeleton (Crypt:2)
  A swamp dragon (shapeshifter) (Vaults:3)
  4 anaconda skeletons
  13 naga ritualists
  23 bog bodies
  An orange crystal statue (Depths:2)
  19 necromancers
  13 phantasmal warriors
  13 orc knights
  11 deep elf archers
  An iron dragon zombie (Hell)
  15 ironbrand convokers
  2 golden dragon skeletons
  3 orb spiders (Zot:2)
  A sphinx zombie (Vaults:4)
  2 wolf spiders (Vaults:4)
  4 oklob plants (Lair:4)
  20 mana vipers
  2 harpies
  A wolf spider zombie (D:15)
  5 orc sorcerers
  A wolf spider (shapeshifter) (Vaults:4)
  2 cyclopes
  59 deep elf magi
  35 ugly things
  3 stone giant zombies
  A shadow dragon skeleton (Geh:1)
  A fire giant zombie (Vaults:2)
  A frost giant zombie (Vaults:4)
  29 moths of wrath
  5 manticores
  6 fauns (Depths:3)
  24 salamanders
  Maurice (Orc:2)
  3 frost giant skeletons
  11 rust devils
  A salamander (shapeshifter) (Depths:2)
  A dire elephant zombie (Crypt:2)
  A shining eye (Depths:3)
  An eye of devastation (Depths:3)
  A stone giant skeleton (Hell)
  9 elephants
  2 torpor snails (Lair:4)
  2 water nymphs (Depths:3)
  18 naga magi
  A molten gargoyle (Geh:1)
  2 guardian serpents (shapeshifter)
  2 orange demons
  12 guardian serpents
  15 vault sentinels
  5 ice statues
  47 black mambas
  2 fire giant skeletons (Geh:1)
  2 centaur skeletons
  10 hellions
  9 smoke demons
  Joseph (Lair:1)
  20 cane toads
  A dire elephant skeleton (Geh:1)
  61 yaktaurs
  A shock serpent skeleton (Hell)
  8 komodo dragons
  2 human zombies
  Maggie (D:6)
  A minotaur skeleton (Crypt:1)
  2 tormentors (Geh:1)
  An emperor scorpion zombie (Geh:1)
  4 rime drakes
  A kobold demonologist (D:14)
  4 efreet (Zot:1)
  13 freezing wraiths
  3 human skeletons
  21 ice devils
  4 guardian mummies (Crypt:3)
  4 anaconda simulacra (IceCv)
  An alligator snapping turtle skeleton (Crypt:1)
  12 red devils
  2 hellwings
  3 tengu conjurers
  An iron troll skeleton (Crypt:1)
  10 trolls
  3 tyrant leeches
  A hydra zombie (Geh:1)
  4 polar bears
  3 harpy zombies (Zot:2)
  A hornet (shapeshifter) (D:15)
  A tarantella zombie (Crypt:1)
  15 hornets
  4 raiju (Zot:2)
  4 hydra skeletons
  A dream sheep (shapeshifter) (Depths:5)
  35 slime creatures
  2 ettin zombies
  2 ice dragon zombies
  Grinder (D:3)
  33 blink frogs
  A satyr zombie (Crypt:1)
  2 black mamba zombies
  A shock serpent simulacrum (Hell)
  A fire dragon zombie (Geh:1)
  2 ettin skeletons
  23 flying skulls
  2 alligator skeletons
  4 centaur simulacra
  7 shadows
  2 air elementals (Elf:1)
  An ice dragon skeleton (Hell)
  A redback (Vaults:3)
  2 spriggans (shapeshifter) (Vaults:3)
  5 wyverns
  A spectral komodo dragon (Lair:1)
  5 water elementals
  A dire elephant simulacrum (IceCv)
  An ushabti (Crypt:3)
  A vampire (D:9)
  7 basilisks
  2 elf zombies
  22 wraiths
  15 spriggans
  18 fire elementals
  A hog (shapeshifter) (Depths:1)
  A black mamba skeleton (Crypt:3)
  4 fire bats (Geh:1)
  72 yaks
  A steam dragon (D:10)
  2 elf skeletons (Vaults:4)
  10 vampire mosquitoes
  Grum (D:7)
  2 iron troll simulacra (IceCv)
  A death yak simulacrum (Lair:1)
  A chaos spawn (Zot:2)
  4 small abominations (Gauntlet)
  Menkaure (D:5)
  63 nagas
  3 wargs
  2 harpy simulacra
  8 swamp worms
  A merfolk zombie (Geh:1)
  A naga (shapeshifter) (Vaults:4)
  3 hydra simulacra
  An acid dragon (D:15)
  14 water moccasins
  A monstrous demonspawn skeleton (Crypt:3)
  A floating eye (Depths:3)
  A cane toad zombie (Hell)
  3 sky beasts
  Purgy (Sewer)
  13 hell hounds
  32 orc warriors
  An eye of draining (shapeshifter) (Depths:2)
  A gelid demonspawn skeleton (Geh:1)
  7 swamp drakes (Swamp:4)
  3 black bears
  A black mamba simulacrum (Lair:1)
  2 fire dragon simulacra
  A deep troll skeleton (Vaults:2)
  An ice beast (D:13)
  3 phantoms
  2 manticore zombies
  An ice dragon simulacrum (Crypt:3)
  9 necrophages
  2 eyes of draining
  84 ogres
  12 wolves
  17 boggarts
  An ettin simulacrum (IceCv)
  19 centaurs
  A manticore skeleton (Crypt:3)
  A snapping turtle skeleton (Geh:1)
  3 big kobolds
  A fire crab zombie (Crypt:3)
  17 bullfrogs
  A gnoll sergeant (D:7)
  2 earth elementals (Elf:1)
  A cane toad simulacrum (Lair:1)
  An ogre simulacrum (Vaults:1)
  A water moccasin zombie (Crypt:2)
  A wyvern zombie (Crypt:2)
  3 scorpions
  4 wyvern skeletons
  A hornet simulacrum (Gauntlet)
  A human simulacrum (Vaults:1)
  46 wights
  15 killer bees
  5 howler monkeys
  3 vampire bats (Lair:5)
  An electric eel (D:9)
  6 crimson imps
  A komodo dragon simulacrum (Lair:1)
  3 bullfrog zombies
  5 quasits
  2 gnoll shamans (D:7)
  32 orc wizards
  2 bullfrog skeletons
  2 jellies
  Crazy Yiuf (D:5)
  23 orc priests
  13 hounds
  4 iguanas
  2 iron imps (Hell)
  10 worker ants
  A bullfrog simulacrum (Gauntlet)
  An acid dragon skeleton (Crypt:2)
  2 hound zombies
  A hound skeleton (D:11)
  2 worker ant zombies
  19 gnolls
  13 adders
  A howler monkey skeleton (D:5)
  2 shadow imps
  6 white imps
  2 ufetubi
  An ooze (shapeshifter) (Vaults:5)
  An ooze (D:1)
  A halfling zombie (Crypt:3)
  3 adder skeletons
  An iguana skeleton (Crypt:3)
  8 worms
  A dart slug (D:1)
  7 leopard geckos
  82 orcs
  7 giant cockroaches
  11 goblins
  6 hobgoblins
  11 jackals
  6 quokkas
  2 ball pythons
  A ball python skeleton (Crypt:3)
  16 bats
  6 frilled lizards
  37 kobolds
  9 rats
  A river rat zombie (Crypt:2)
  7 briar patches (Depths:3)
  A butterfly (Zot:2)
  A fungus (Lair:1)
3006 creatures vanquished.

Vanquished Creatures (collateral kills)
  A yellow draconian (Zot:2)
  A purple draconian (Zot:3)
  A naga mage (Snake:1)
  A boulder beetle simulacrum (Lair:1)
4 creatures vanquished.

Vanquished Creatures (others)
  A draconian monk (Zot:1)
  A deep elf elementalist (Elf:3)
  A draconian stormcaller (Zot:2)
  A rakshasa (Zot:2)
  A two-headed ogre (D:8)
  An ogre mage (Depths:2)
  A deep elf mage (Elf:3)
  A moth of wrath (Zot:1)
  A bloated husk (Swamp:2)
  A spriggan (Swamp:2)
  3 nagas
  2 orc warriors (D:8)
  A swamp drake (Swamp:2)
  A black bear (D:8)
  A necrophage (D:8)
  An ogre (Vaults:5)
  A centaur (D:8)
  An orc priest (D:10)
  An orc wizard (D:8)
  A worker ant (D:8)
  An adder (D:8)
  2 orcs (D:8)
  49 fungi
  207 plants
  21 withered plants
303 creatures vanquished.

Grand Total: 3313 creatures vanquished

Notes
Turn   | Place    | Note
-------+----------+-------------------------------------------
     0 | D:1      | porpoise the Halfling Wanderer began the quest for the Orb.
     0 | D:1      | porpoise set off with the following items: a +0 hand axe, a
                  | potion of lignification, a +0 robe; and the following spell
                  | memorised: Magic Dart; and the following spells available
                  | to memorise: Blink, Call Imp, Slow, Conjure Flame, Mephitic
                  | Cloud
     0 | D:1      | Reached XP level 1. HP: 11/11 MP: 3/3
   129 | D:1      | Reached skill level 1 in Fighting
   172 | D:1      | Reached XP level 2. HP: 14/18 MP: 0/5
   621 | D:1      | Reached XP level 3. HP: 20/24 MP: 3/6
  1513 | D:2      | Learned a level 2 spell: Blink
  1586 | D:2      | Reached XP level 4. HP: 30/30 MP: 7/7
  2095 | D:2      | Reached skill level 1 in Maces & Flails
  2426 | D:2      | Found a hazy altar of Hepliaklqana.
  2505 | D:3      | Reached XP level 5. HP: 36/36 MP: 8/8
  2883 | D:3      | Reached skill level 1 in Slings
  3024 | D:3      | Reached XP level 6. HP: 43/43 MP: 9/9
  3275 | D:3      | Noticed Grinder
  3288 | D:3      | Paralysed by Grinder for 7 turns
  3301 | D:3      | Killed Grinder
  3302 | D:3      | Reached XP level 7. HP: 25/49 MP: 10/10
  3660 | D:4      | Reached skill level 5 in Fighting
  3817 | D:4      | Found a snail-covered altar of Cheibriados.
  3826 | D:4      | Found a hide-covered altar of Uskayaw.
  3831 | D:4      | Found an ancient bone altar of Kikubaaqudgha.
  3849 | D:4      | Found a shadowy altar of Dithmenos.
  3852 | D:4      | Found a stormy altar of Qazlal.
  4079 | D:4      | Found a shimmering blue altar of Sif Muna.
  4322 | D:5      | Entered Level 5 of the Dungeon
  4416 | D:5      | Found a runed translucent door.
  4417 | D:5      | Noticed Crazy Yiuf
  4969 | D:5      | Noticed Menkaure
  4975 | D:5      | Killed Menkaure
  4976 | D:5      | Reached XP level 8. HP: 50/58 MP: 11/11
  5254 | D:5      | Killed Crazy Yiuf
  5437 | D:6      | Reached skill level 1 in Dodging
  5454 | D:6      | Found a glowing drain.
  5495 | Sewer    | Entered a sewer
  5543 | Sewer    | Noticed Purgy
  5554 | Sewer    | Killed Purgy
  5555 | Sewer    | Reached skill level 3 in Armour
  6127 | D:6      | Reached skill level 4 in Armour
  6275 | D:7      | Got a crude ring mail
  6286 | D:7      | Identified the cursed +0 ring mail of a treasure trove
                  | {rC+} (You found it on level 7 of the Dungeon)
  6337 | D:7      | Reached XP level 9. HP: 58/64 MP: 12/12
  6482 | D:7      | Reached skill level 5 in Armour
  6553 | D:7      | Reached skill level 5 in Dodging
  6694 | D:7      | Found Count's Book Shoppe.
  6739 | D:6      | Noticed Maggie
  6777 | D:6      | Killed Maggie
  7459 | D:7      | Reached skill level 5 in Evocations
  7578 | D:7      | Noticed Grum
  7584 | D:7      | Killed Grum
  7602 | D:7      | Reached XP level 10. HP: 71/73 MP: 13/13
  7622 | D:7      | Reached skill level 5 in Slings
  7755 | D:7      | Found Wise's Armour Emporium.
  7977 | D:7      | Found a burning altar of Makhleb.
  8055 | D:7      | Found a staircase to the Ecumenical Temple.
  8124 | Temple   | Entered the Ecumenical Temple
  8182 | Temple   | Became a worshipper of Warmaster Okawaru
  8417 | D:8      | Noticed a two-headed ogre
  8431 | D:8      | Killed a two-headed ogre
  8434 | D:8      | Killed a two-headed ogre
  8434 | D:8      | Reached * piety under Okawaru
  8460 | D:8      | Noticed a two-headed ogre
  8534 | D:7      | Killed a two-headed ogre
  8654 | D:8      | Noticed Erica
  8674 | D:8      | Killed Erica
  8674 | D:8      | Reached ** piety under Okawaru
  8813 | D:8      | Noticed a two-headed ogre
  8827 | D:8      | Killed a two-headed ogre
  8828 | D:8      | Reached XP level 11. HP: 80/80 MP: 11/14
  9026 | D:8      | Found a shimmering altar of Xom.
  9173 | D:8      | Reached skill level 6 in Armour
  9319 | D:8      | Found a sacrificial altar of Ru.
  9473 | D:8      | Found a white marble altar of Elyvilon.
  9478 | D:8      | Found a basalt altar of Yredelemnul.
  9897 | D:8      | Reached *** piety under Okawaru
  9898 | D:8      | Reached skill level 7 in Armour
  9991 | D:9      | Noticed a two-headed ogre
 10000 | D:9      | Killed a two-headed ogre
 10149 | D:9      | Received a gift from Okawaru
 10265 | D:9      | Reached skill level 8 in Armour
 10300 | D:9      | Noticed a cyclops
 10309 | D:9      | Killed a cyclops
 10309 | D:9      | Reached **** piety under Okawaru
 10389 | D:9      | Received a gift from Okawaru
 11127 | D:10     | Entered Level 10 of the Dungeon
 11246 | D:9      | Received a gift from Okawaru
 11467 | D:10     | Reached skill level 9 in Armour
 12016 | D:10     | Got a masterwork hunting sling
 12017 | D:10     | Identified the cursed +2 hunting sling of Incongruity
                  | {freeze, Int+4} (You found it on level 10 of the Dungeon)
 12262 | D:10     | Noticed a death yak
 12270 | D:10     | Noticed a death yak
 12272 | D:10     | Noticed a death yak
 12272 | D:10     | Noticed a death yak
 12274 | D:10     | Noticed a death yak
 12279 | D:10     | Killed a death yak
 12279 | D:10     | Received a gift from Okawaru
 12280 | D:10     | Reached XP level 12. HP: 85/85 MP: 13/15
 12294 | D:10     | Killed a death yak
 12622 | D:10     | Found a staircase to the Lair.
 12653 | D:10     | Killed a death yak
 12653 | D:10     | Received a gift from Okawaru
 12665 | D:10     | Killed a death yak
 12779 | D:10     | Killed a death yak
 12779 | D:10     | Reached ***** piety under Okawaru
 13002 | D:11     | Found a runed translucent gate.
 13002 | D:11     | Found a runed translucent gate.
 13004 | D:11     | Noticed an 11-headed hydra
 13005 | D:11     | Noticed a nine-headed hydra
 13020 | D:11     | Found a runed translucent gate.
 13020 | D:11     | Noticed jlumianski's ghost (journeyman GnWr)
 13256 | D:11     | Got a bloodstained dagger
 13260 | D:11     | Identified the cursed +1 dagger of the Three Coins {flame,
                  | rF+ Str+3} (You found it on level 11 of the Dungeon)
 13308 | D:11     | Noticed a death knight
 13308 | D:11     | Noticed a skeletal warrior
 13667 | Lair:1   | Entered Level 1 of the Lair of Beasts
 14002 | Lair:1   | Noticed a six-headed hydra
 14013 | Lair:1   | Killed a six-headed hydra
 14014 | Lair:1   | Reached skill level 10 in Fighting
 14182 | Lair:1   | Noticed Joseph
 14194 | Lair:1   | Killed Joseph
 14464 | Lair:1   | Noticed a six-headed hydra
 14483 | Lair:1   | Killed a six-headed hydra
 14483 | Lair:1   | Received a gift from Okawaru
 14484 | Lair:1   | Reached skill level 5 in Invocations
 14658 | Lair:1   | Reached XP level 13. HP: 93/93 MP: 17/17
 14702 | Lair:1   | Noticed an eight-headed hydra
 14713 | Lair:1   | Killed an eight-headed hydra
 14713 | Lair:1   | Received a gift from Okawaru
 14751 | Lair:1   | Noticed a four-headed hydra
 14758 | Lair:1   | Killed a four-headed hydra
 14909 | Lair:1   | Found a runed translucent gate.
 14909 | Lair:1   | Found a runed translucent gate.
 14927 | Lair:1   | Found a runed translucent gate.
 14948 | Lair:1   | Noticed dtburroughs's ghost (journeyman MiBe)
 16135 | Lair:2   | Got a spiked chain mail
 16146 | Lair:2   | Identified the +5 chain mail of Festooned Freedom {rF++
                  | Str-2 Slay+2} (You found it on level 2 of the Lair of
                  | Beasts)
 16172 | Lair:2   | Found a staircase to the Snake Pit.
 16338 | Lair:2   | Noticed a catoblepas
 16392 | Lair:2   | Killed a catoblepas
 16845 | Lair:2   | Identified a scroll of acquirement
 16846 | Lair:2   | Acquired a manual of Spellcasting
 17240 | Lair:3   | Received a gift from Okawaru
 17248 | Lair:3   | Identified a +2 pair of boots of running (Okawaru gifted it
                  | to you on level 3 of the Lair of Beasts)
 17776 | Lair:3   | Found the +4 robe of Augmentation {Str+4 Int+4 Dex+4}
 17957 | Lair:3   | Noticed a six-headed hydra
 17964 | Lair:3   | Killed a six-headed hydra
 17965 | Lair:3   | Reached XP level 14. HP: 103/103 MP: 19/19
 18235 | Lair:4   | Reached skill level 10 in Armour
 18286 | Lair:4   | Reached skill level 5 in Maces & Flails
 18969 | Lair:4   | Found a staircase to the Swamp.
 18980 | Lair:4   | Reached skill level 11 in Armour
 19149 | Lair:4   | Noticed Ceyroiss's ghost (journeyman HuWn)
 19194 | Lair:4   | Found a transporter.
 19198 | Lair:4   | Found a transporter.
 19779 | Lair:5   | Found a transporter.
 19782 | Lair:5   | Noticed Ypehuijo's ghost (journeyman OpFi)
 19783 | Lair:5   | Found a transporter.
 19988 | Lair:5   | Received a gift from Okawaru
 20333 | Lair:5   | Reached ****** piety under Okawaru
 20847 | Lair:6   | Entered Level 6 of the Lair of Beasts
 20847 | Lair:6   | Noticed Sonja
 20993 | Lair:5   | Killed Ypehuijo's ghost
 21190 | Lair:1   | Reached skill level 12 in Armour
 21246 | Lair:1   | Killed dtburroughs's ghost
 22016 | Lair:4   | Reached skill level 10 in Dodging
 22016 | Lair:4   | Reached XP level 15. HP: 108/108 MP: 20/20
 23143 | Lair:6   | Received a gift from Okawaru
 23259 | Lair:6   | Killed Sonja
 23733 | Lair:6   | Received a gift from Okawaru
 24317 | Lair:6   | Got a polished hunting sling {god gift}
 24318 | Lair:6   | Identified the +2 hunting sling of Wikhev {vorpal, +Blink
                  | Int+3} (Okawaru gifted it to you on level 6 of the Lair of
                  | Beasts)
 24892 | Lair:6   | Found a runed translucent door.
 24896 | Lair:6   | Found a viscous altar of Jiyva.
 24907 | Lair:6   | Found a staircase to the Slime Pits.
 25483 | Lair:6   | Received a gift from Okawaru
 25484 | Lair:6   | Got an encrusted buckler {god gift}
 25697 | Lair:6   | Identified the +0 buckler of Lewneg {Str+3 Dex+2} (Okawaru
                  | gifted it to you on level 6 of the Lair of Beasts)
 25763 | Lair:6   | Reached skill level 1 in Shields
 26721 | D:11     | Learned a level 3 spell: Portal Projectile
 27115 | D:11     | Killed jlumianski's ghost
 27116 | D:11     | Reached XP level 16. HP: 107/117 MP: 17/22
 27493 | D:12     | Found a gate leading to a gauntlet.
 27502 | Gauntlet | Entered a Gauntlet
 27502 | Gauntlet | Found a transporter.
 27512 | Gauntlet | Found a transporter.
 27527 | Gauntlet | Found a transporter.
 27532 | Gauntlet | Found a transporter.
 27553 | Gauntlet | Found a transporter.
 27566 | Gauntlet | Found a transporter.
 27575 | Gauntlet | Found a transporter.
 27590 | Gauntlet | Found a transporter.
 27602 | Gauntlet | Found a transporter.
 27610 | Gauntlet | Found a large runed translucent door.
 27611 | Gauntlet | Found a large runed translucent door.
 27612 | Gauntlet | Found a large runed translucent door.
 27612 | Gauntlet | Found a large runed translucent door.
 27613 | Gauntlet | Found a runed translucent gate.
 27614 | Gauntlet | Found a transporter.
 27614 | Gauntlet | Found a runed translucent gate.
 27615 | Gauntlet | Found a runed translucent gate.
 27616 | Gauntlet | Found a large runed translucent door.
 27616 | Gauntlet | Found a large runed translucent door.
 27616 | Gauntlet | Found a runed translucent door.
 27616 | Gauntlet | Found a runed translucent door.
 27617 | Gauntlet | Found a large runed translucent door.
 27618 | Gauntlet | Found a large runed translucent door.
 27620 | Gauntlet | Found a transporter.
 27620 | Gauntlet | Found a transporter.
 27625 | Gauntlet | Found a large runed translucent door.
 27625 | Gauntlet | Found a large runed translucent door.
 27626 | Gauntlet | Found a large runed translucent door.
 27627 | Gauntlet | Found a large runed translucent door.
 27636 | Gauntlet | Found a large runed translucent door.
 27636 | Gauntlet | Found a large runed translucent door.
 27637 | Gauntlet | Found a large runed translucent door.
 27638 | Gauntlet | Found a large runed translucent door.
 27659 | Gauntlet | Found a transporter.
 27684 | Gauntlet | Found a transporter.
 27686 | Gauntlet | Found a transporter.
 27706 | Gauntlet | Found a transporter.
 27784 | Gauntlet | Found a transporter.
 27804 | Gauntlet | Found a transporter.
 28245 | Gauntlet | Got a clouded granite ring
 28247 | Gauntlet | Identified the ring "Kaosteysm" {Ice +Blink rPois Int-5
                  | Stlth+} (You found it in a Gauntlet)
 28346 | Gauntlet | Found the +8 arc blade {discharge, rElec}
 28527 | D:12     | Reached skill level 1 in Short Blades
 28692 | D:12     | Identified the +5 flail of Yret {vorpal, Fragile rElec
                  | Str+2}
 29142 | D:12     | Found a staircase to the Orcish Mines.
 29923 | D:13     | Reached skill level 5 in Shields
 29926 | D:13     | Received a gift from Okawaru
 30078 | D:13     | Found a gate to the Vaults.
 30691 | Lair:1   | Reached skill level 10 in Invocations
 30691 | Lair:1   | Reached XP level 17. HP: 123/123 MP: 22/24
 31195 | D:14     | Found a runed translucent gate.
 31196 | D:14     | Found a runed translucent gate.
 31197 | D:14     | Found a runed translucent gate.
 31199 | D:14     | Noticed Mocoden's ghost (journeyman FoFi)
 31256 | D:14     | Killed Mocoden's ghost
 31647 | D:14     | Received a gift from Okawaru
 32065 | D:14     | Received a gift from Okawaru
 32362 | D:15     | Entered Level 15 of the Dungeon
 32632 | D:15     | Noticed Rupert
 32658 | D:15     | Killed Rupert
 32922 | D:15     | Found a staircase to the Depths.
 33165 | D:15     | Received a gift from Okawaru
 33769 | Orc:1    | Entered Level 1 of the Orcish Mines
 33777 | Orc:1    | Reached XP level 18. HP: 131/131 MP: 25/25
 34126 | Orc:2    | Entered Level 2 of the Orcish Mines
 34334 | Orc:1    | Reached skill level 5 in Short Blades
 34336 | Orc:1    | Received a gift from Okawaru
 34683 | Orc:2    | Received a gift from Okawaru
 34684 | Orc:2    | Reached skill level 13 in Armour
 35235 | Orc:2    | Noticed Maurice
 35244 | Orc:2    | Killed Maurice
 35300 | Orc:2    | Found Gesew's Armour Shop.
 35300 | Orc:2    | Found Atwy's Antique Armour Emporium.
 35304 | Orc:2    | Found Esoesias's Jewellery Shoppe.
 35304 | Orc:2    | Found Baehowaju's Weapon Shop.
 35311 | Orc:2    | Bought a +2 helmet of see invisible for 322 gold pieces
 35323 | Orc:2    | Bought a cursed ring of teleportation for 54 gold pieces
 35579 | Orc:2    | Found a staircase to the Elven Halls.
 35753 | Orc:1    | Paralysed by an orc sorcerer for 4 turns
 35763 | Orc:2    | Paralysed by an orc sorcerer for 6 turns
 36453 | Swamp:1  | Entered Level 1 of the Swamp
 37145 | Swamp:1  | Reached skill level 14 in Armour
 37775 | Swamp:2  | Identified the cursed +0 pair of gloves of Buuziuniec
                  | {rElec rC+ Str-2}
 37775 | Swamp:2  | Noticed Nikola
 37853 | Swamp:2  | Killed Nikola
 37854 | Swamp:2  | Reached skill level 10 in Short Blades
 37864 | Swamp:2  | Reached skill level 10 in Shields
 38321 | Swamp:2  | Noticed Jorgrun
 38339 | Swamp:2  | Reached XP level 19. HP: 133/136 MP: 19/26
 38348 | Swamp:2  | Killed Jorgrun
 38348 | Swamp:2  | Received a gift from Okawaru
 39180 | Swamp:3  | Received a gift from Okawaru
 39668 | Swamp:4  | Entered Level 4 of the Swamp
 39748 | Swamp:3  | Received a gift from Okawaru
 40354 | Swamp:4  | Received a gift from Okawaru
 41032 | Swamp:4  | Noticed the 27-headed Lernaean hydra
 41052 | Swamp:4  | Killed the 27-headed Lernaean hydra
 41173 | Swamp:4  | Got a decaying rune of Zot
 41679 | Snake:1  | Entered Level 1 of the Snake Pit
 42190 | Snake:1  | Found Jic Ceur's Weapon Shoppe.
 42272 | Snake:1  | Reached XP level 20. HP: 105/144 MP: 27/27
 42521 | Snake:1  | Received a gift from Okawaru
 42698 | Snake:1  | Noticed Aizul
 42740 | Snake:1  | Killed Aizul
 42752 | Snake:1  | Reached skill level 15 in Fighting
 42927 | Snake:1  | Received a gift from Okawaru
 42928 | Snake:1  | Found Jirhaud's Jewellery Shop.
 42946 | Snake:1  | Found Widiu's Gadget Emporium.
 43233 | Snake:1  | Found Rogaukoy's Jewellery Emporium.
 43283 | Snake:1  | Found Xebonn's Antique Weapon Boutique.
 43291 | Snake:1  | Bought a warped hunting sling for 195 gold pieces
 43291 | Snake:1  | Identified the +6 hunting sling of the Dwarven Hall {speed,
                  | rElec rPois rF+ Will-} (You bought it in a shop on level 1
                  | of the Snake Pit)
 43784 | Snake:2  | Received a gift from Okawaru
 43905 | Snake:2  | Found a frozen archway.
 43947 | IceCv    | Entered an ice cave
 44705 | IceCv    | Noticed an Ice Fiend
 44716 | IceCv    | Killed an Ice Fiend
 44808 | IceCv    | Got a translucent ring mail
 44844 | IceCv    | Identified the +0 ring mail of the Lumpy Spirits {rN++
                  | Regen+ Int+3 SInv} (You found it in an ice cave)
 45189 | Snake:2  | Noticed Vashnia
 45284 | Snake:2  | Killed Vashnia
 45433 | Snake:2  | Found Wothrock's Antique Weapon Shoppe.
 45433 | Snake:2  | Found Reqiyw's Assorted Antiques.
 45941 | Snake:2  | Noticed Agnes
 45960 | Snake:2  | Killed Agnes
 46918 | Snake:3  | Found Edolen's Gadget Shop.
 47089 | Snake:3  | Received a gift from Okawaru
 47431 | Snake:3  | Found a runed translucent door.
 47431 | Snake:3  | Found a shimmering altar of Xom.
 47431 | Snake:3  | Noticed Zunwa's ghost (adept MiBe)
 47471 | Snake:3  | Killed Zunwa's ghost
 48300 | Snake:4  | Entered Level 4 of the Snake Pit
 48487 | Snake:4  | Reached XP level 21. HP: 144/153 MP: 24/28
 48781 | Snake:4  | Reached skill level 10 in Evocations
 48902 | Snake:4  | Noticed Asterion
 48926 | Snake:4  | Killed Asterion
 50320 | Snake:4  | Identified the +2 battleaxe "Xialot" {flame, *Drain +Fly
                  | Dex+4}
 50323 | Snake:4  | Received a gift from Okawaru
 50498 | Snake:4  | Received a gift from Okawaru
 50975 | Snake:4  | Got a serpentine rune of Zot
 51548 | Lair:4   | Killed Ceyroiss's ghost
 51723 | Snake:1  | Bought an uncursed ring of resist corrosion for 340 gold
                  | pieces
 52597 | Vaults:1 | Entered Level 1 of the Vaults
 53136 | Vaults:1 | Found a magical portal.
 53146 | WizLab   | Entered Wucad Mu's Monastery
 54306 | Vaults:1 | Reached XP level 22. HP: 152/161 MP: 29/29
 54318 | Vaults:1 | Received a gift from Okawaru
 54908 | Vaults:2 | Found a flickering gateway to a bazaar.
 54920 | Bazaar   | Entered a bazaar
 54920 | Bazaar   | Found Betoent's Assorted Antiques.
 54920 | Bazaar   | Found Zoneras's Weapon Shoppe.
 54922 | Bazaar   | Found Eckoppih's General Store.
 54922 | Bazaar   | Found Kajoun's Gadget Shoppe.
 55010 | Bazaar   | Bought 14 sling bullets for 91 gold pieces
 55013 | Bazaar   | Bought a tin of tremorstones (2/2) for 600 gold pieces
 55032 | Bazaar   | Bought a wand of acid (7) for 330 gold pieces
 55214 | Vaults:2 | Reached skill level 15 in Shields
 55982 | Vaults:2 | Received a gift from Okawaru
 56188 | Vaults:2 | Got a scorched rapier
 56189 | Vaults:2 | Identified the +1 rapier "Daedghoq" {vorpal, rC+} (You
                  | found it on level 2 of the Vaults)
 57903 | Vaults:3 | Received a gift from Okawaru
 57923 | Vaults:3 | Paralysed by an ogre mage for 4 turns
 58190 | Vaults:3 | Received a gift from Okawaru
 58712 | Vaults:3 | Received a gift from Okawaru
 58966 | Vaults:3 | Got a pair of fine boots {god gift}
 58977 | Vaults:3 | Identified the +0 pair of boots of Pogetamoo {rF+ rN++
                  | Will+ SInv} (Okawaru gifted it to you on level 3 of the
                  | Vaults)
 59443 | Elf:1    | Entered Level 1 of the Elven Halls
 59587 | Elf:1    | Reached XP level 23. HP: 169/171 MP: 30/30
 59618 | Elf:1    | Noticed Roxanne
 59899 | Elf:1    | Killed Roxanne
 61041 | Elf:2    | Found Cuodoas's Assorted Antiques.
 61102 | Elf:2    | Bought a scroll of blinking for 285 gold pieces
 61102 | Elf:2    | Bought a scroll of magic mapping for 133 gold pieces
 61102 | Elf:2    | Bought a scroll of blinking for 285 gold pieces
 61102 | Elf:2    | Bought a scroll labelled FIMYDEMUEDEC for 38 gold pieces
 61774 | Elf:2    | Reached skill level 15 in Armour
 61793 | Elf:2    | Found a runed translucent gate.
 61793 | Elf:2    | Found a runed translucent gate.
 61793 | Elf:2    | Found a runed translucent gate.
 62498 | Elf:2    | Received a gift from Okawaru
 62879 | Elf:3    | Entered Level 3 of the Elven Halls
 63773 | Elf:3    | Received a gift from Okawaru
 63865 | Elf:3    | Reached skill level 16 in Armour
 64211 | Elf:3    | Received a gift from Okawaru
 64538 | Elf:3    | Received a gift from Okawaru
 64567 | Elf:3    | Identified the ring "Mitejyg" {Fire *Corrode +Blink +Fly
                  | rPois}
 64586 | Elf:3    | Received a gift from Okawaru
 64880 | Elf:3    | Identified the +9 plate armour of Zithrud {Str+2}
 64947 | Elf:3    | Identified the +5 halberd of the Extremes {vorpal, Int+2}
 64947 | Elf:3    | Identified the +2 robe "Bamocozxo" {Dex+5}
 64947 | Elf:3    | Identified the ring "Kuofosom" {*Corrode rN++ AC+4 Str+3
                  | Int+3}
 64966 | Elf:3    | Reached XP level 24. HP: 38/174 MP: 30/30
 65491 | Elf:3    | Identified the +1 pair of boots of Tearu {rPois Str+4
                  | Stlth+} (You found it on level 3 of the Elven Halls)
 65516 | Elf:3    | Got a translucent hand crossbow
 65517 | Elf:3    | Identified the cursed +0 hand crossbow of Extermination
                  | {flame, +Inv rPois Stlth+} (You found it on level 3 of the
                  | Elven Halls)
 65537 | Elf:3    | Identified Utzer's Incunabulum of Supportive Envenoming
 65543 | Elf:3    | Got a transparent dagger
 65544 | Elf:3    | Identified the +6 dagger of the Real Monster {speed, rPois
                  | rC- Will+} (You found it on level 3 of the Elven Halls)
 65647 | Elf:3    | Reached skill level 15 in Dodging
 67108 | Vaults:3 | Found a staircase to the Crypt.
 67747 | Vaults:3 | Received a gift from Okawaru
 69150 | Vaults:4 | Received a gift from Okawaru
 71090 | Depths:1 | Entered Level 1 of the Depths
 71122 | Depths:1 | Reached XP level 25. HP: 146/190 MP: 30/30
 71177 | Depths:1 | Reached skill level 17 in Armour
 71462 | Depths:1 | Found a one-way gate to the infinite horrors of the Abyss.
 72624 | Depths:1 | Found a gateway to a bazaar.
 72643 | Bazaar   | Entered a bazaar
 72643 | Bazaar   | Found Liesm's Antique Weapon Boutique.
 72662 | Bazaar   | Found Arphiegik's General Store.
 72673 | Bazaar   | Found Ikufemp's Antique Armour Boutique.
 72684 | Bazaar   | Found Zemajile's Gadget Emporium.
 72692 | Bazaar   | Found Reite's Distillery.
 72729 | Bazaar   | Bought a +1 kite shield of positive energy for 162 gold
                  | pieces
 72729 | Bazaar   | Bought 5 silver boomerangs for 90 gold pieces
 72740 | Bazaar   | Bought a pair of glowing gloves for 157 gold pieces
 72761 | Bazaar   | Bought a wand of acid (10) for 336 gold pieces
 72769 | Bazaar   | Bought a potion of curing for 33 gold pieces
 72769 | Bazaar   | Bought a potion of heal wounds for 55 gold pieces
 72769 | Bazaar   | Bought 2 potions of haste for 220 gold pieces
 72769 | Bazaar   | Bought a potion of mutation for 88 gold pieces
 72769 | Bazaar   | Bought a potion of mutation for 88 gold pieces
 72769 | Bazaar   | Bought 2 potions of cancellation for 176 gold pieces
 72786 | Bazaar   | Bought a glowing eveningstar for 288 gold pieces
 72911 | Depths:1 | Received a gift from Okawaru
 73076 | Depths:1 | Found a gateway to Hell.
 73586 | Depths:2 | Reached skill level 18 in Armour
 73908 | Depths:2 | Identified the amulet "Jaiqur" {RegenMP Slay+2 Stlth+}
 74184 | Depths:2 | Identified the Disquisition on Quantum Flight
 74302 | Depths:2 | Received a gift from Okawaru
 74475 | Depths:2 | Found a one-way gate leading to the halls of Pandemonium.
 74767 | Depths:2 | Reached XP level 26. HP: 128/199 MP: 24/30
 75909 | Depths:3 | Noticed Boris
 75930 | Depths:3 | Killed Boris
 76119 | Depths:3 | Found a gateway to a ziggurat.
 76128 | Depths:3 | Paralysed by a floating eye for 3 turns
 77328 | Depths:3 | Noticed the Enchantress
 77336 | Depths:3 | Killed the Enchantress
 77653 | Depths:3 | Received a gift from Okawaru
 78434 | Depths:4 | Received a gift from Okawaru
 79300 | Depths:4 | Found Vacan's Demolitions Depot.
 79517 | Depths:4 | Found a glowing silver altar of Zin.
 79550 | Depths:4 | Received a gift from Okawaru
 79891 | Depths:5 | Entered Level 5 of the Depths
 80292 | Depths:5 | Reached XP level 27. HP: 145/206 MP: 22/30
 80664 | Depths:5 | Received a gift from Okawaru
 80754 | Depths:5 | Noticed a juggernaut
 80772 | Depths:5 | Killed a juggernaut
 80907 | Depths:5 | Received a gift from Okawaru
 81078 | Depths:5 | Received a gift from Okawaru
 81459 | Depths:5 | Found a gate to the Realm of Zot.
 82753 | Vaults:5 | Entered Level 5 of the Vaults
 83076 | Vaults:4 | Received a gift from Okawaru
 83341 | Vaults:5 | Received a gift from Okawaru
 83538 | Vaults:5 | Received a gift from Okawaru
 83624 | Vaults:5 | Received a gift from Okawaru
 83685 | Vaults:5 | Received a gift from Okawaru
 83913 | Vaults:5 | Received a gift from Okawaru
 84036 | Vaults:5 | Received a gift from Okawaru
 84037 | Vaults:5 | Got a smelly ring mail {god gift}
 84048 | Vaults:5 | Identified the +4 ring mail "Jacok" {Will+ Int-2 SInv}
                  | (Okawaru gifted it to you on level 5 of the Vaults)
 84296 | Vaults:5 | Identified the ring "Emudap" {rN+ Will+}
 84322 | Vaults:5 | Identified the +5 glaive of the Lusting Spider {speed,
                  | Int+3}
 84328 | Vaults:5 | Reached skill level 19 in Armour
 84750 | Vaults:5 | Got a silver rune of Zot
 84905 | Vaults:5 | Identified the Compendium of Feathery Malediction
 86007 | Vaults:5 | Got a fine scale mail
 86018 | Vaults:5 | Identified the +10 scale mail of the Vanishing Youths
                  | {Int+2 Stlth+} (You found it on level 5 of the Vaults)
 87746 | Crypt:1  | Entered Level 1 of the Crypt
 87844 | Crypt:1  | Reached skill level 20 in Armour
 88064 | Crypt:1  | Found a basalt altar of Yredelemnul.
 89239 | Crypt:1  | Noticed Boris
 89307 | Crypt:1  | Killed Boris
 89311 | Crypt:1  | Received a gift from Okawaru
 89318 | Crypt:1  | Got a shimmering kite shield {god gift}
 89329 | Crypt:1  | Identified the +2 kite shield of the Grey Skies {Rampage
                  | rCorr Int+4 Stlth-} (Okawaru gifted it to you on level 1 of
                  | the Crypt)
 91469 | Crypt:3  | Entered Level 3 of the Crypt
 91673 | Crypt:3  | Reached skill level 21 in Armour
 91912 | Crypt:3  | Noticed Sojobo
 91935 | Crypt:3  | Killed Sojobo
 92126 | Crypt:3  | Received a gift from Okawaru
 92549 | Crypt:3  | Received a gift from Okawaru
 92682 | Crypt:3  | Got a smoking sapphire amulet
 92683 | Crypt:3  | Identified the amulet of Caeceicseif {Spirit rPois rF+++
                  | rC- Int+2} (You found it on level 3 of the Crypt)
 94751 | Crypt:3  | Found a staircase to the Tomb.
 95730 | Crypt:3  | Found an ancient bone altar of Kikubaaqudgha.
 95734 | Crypt:3  | Found a basalt altar of Yredelemnul.
 95782 | Crypt:3  | Identified Pyirch's Handbook of Black Secrets
 96531 | Hell     | Entered the Vestibule of Hell
 96531 | Hell     | Noticed Geryon
 96555 | Hell     | Killed Geryon
 97301 | Hell     | Found a gateway to the freezing wastes of Cocytus.
 97521 | Hell     | Found a gateway to the ashen valley of Gehenna.
 97739 | Hell     | Found a gateway to the decaying netherworld of Tartarus.
 97909 | Hell     | Found a gateway to the Iron City of Dis.
 98055 | Geh:1    | Entered Level 1 of Gehenna
 98155 | Geh:1    | Received a gift from Okawaru
 99482 | Geh:1    | Received a gift from Okawaru
102111 | Zot:1    | Entered Level 1 of the Realm of Zot
102191 | Zot:1    | Acquired 884 gold pieces
102257 | Zot:1    | Received a gift from Okawaru
102661 | Zot:1    | Found a runed translucent gate.
102661 | Zot:1    | Found a runed translucent gate.
102661 | Zot:1    | Found a runed translucent gate.
102661 | Zot:1    | Noticed Jofris Vesimp's ghost (legendary GnFE)
102661 | Zot:1    | Noticed Afef Aqu's ghost (adept MiBe)
102662 | Zot:1    | Noticed Per Qanud's ghost (legendary GnSk)
102662 | Zot:1    | Noticed wilo's ghost (master MfBe)
103182 | Zot:1    | Received a gift from Okawaru
104151 | Zot:1    | Received a gift from Okawaru
105750 | Zot:2    | Received a gift from Okawaru
106932 | Zot:2    | Noticed an orb of fire
106949 | Zot:2    | Identified the +9 lajatang of the Blind Eye {flame, rPois
                  | rC+ Str-4 Int+7}
107076 | Zot:2    | Received a gift from Okawaru
108042 | Zot:2    | Gained mutation: Scrolls take you a little longer to read.
                  | [mutagenic glow]
108052 | Zot:2    | Gained mutation: You are clumsy. (Dex -2) [mutagenic glow]
108104 | Zot:2    | Gained mutation: You are occasionally teleported next to
                  | monsters. [mutagenic glow]
108118 | Zot:2    | Gained mutation: Armour fits poorly on your strangely
                  | shaped body. [mutagenic glow]
108132 | Zot:2    | Lost mutation: Armour fits poorly on your strangely shaped
                  | body. [potion of mutation]
109642 | Zot:3    | Acquired a manual of Armour
110570 | Lair:1   | Lost mutation: You are clumsy. (Dex -2) [potion of
                  | mutation]
110570 | Lair:1   | Lost mutation: Scrolls take you a little longer to read.
                  | [potion of mutation]
110571 | Lair:1   | Lost mutation: You are occasionally teleported next to
                  | monsters. [potion of mutation]
110571 | Lair:1   | Gained mutation: You are partially covered in iridescent
                  | scales. (AC +2) [potion of mutation]
111320 | Zot:3    | Reached skill level 22 in Armour
112224 | Zot:3    | Received a gift from Okawaru
112874 | Zot:4    | Received a gift from Okawaru
113067 | Zot:4    | Reached skill level 15 in Evocations
113252 | Zot:4    | Received a gift from Okawaru
113268 | Zot:4    | Reached skill level 23 in Armour
114555 | Zot:5    | Entered Level 5 of the Realm of Zot
114574 | Zot:5    | Received a gift from Okawaru
115175 | Zot:5    | Received a gift from Okawaru
116235 | Zot:5    | Received a gift from Okawaru
116353 | Zot:5    | Reached skill level 24 in Armour
116409 | Zot:5    | Noticed an ancient lich
116832 | Zot:5    | Killed an ancient lich
116937 | Zot:5    | Noticed an ancient lich
117590 | Zot:4    | Killed an ancient lich
117842 | Zot:5    | Noticed a Killer Klown
117852 | Zot:5    | Noticed a shard shrike
117852 | Zot:5    | a Killer Klown changed into a shard shrike
117856 | Zot:5    | Killed a shard shrike
117892 | Zot:5    | Noticed an orb of fire
117902 | Zot:5    | Gained mutation: You are frail. (-10% HP) [an orb of fire]
117922 | Zot:5    | Killed an orb of fire
117984 | Zot:5    | Noticed a Killer Klown
118004 | Zot:5    | Killed a Killer Klown
118005 | Zot:5    | Reached skill level 25 in Armour
118081 | Zot:5    | Noticed an ancient lich
118100 | Zot:5    | Killed an ancient lich
118100 | Zot:5    | Received a gift from Okawaru
118337 | Zot:5    | Noticed a Killer Klown
118351 | Zot:5    | Killed a Killer Klown
118429 | Zot:5    | Noticed an orb of fire
118489 | Zot:4    | Killed an orb of fire
119179 | Zot:5    | Noticed a Killer Klown
119192 | Zot:4    | Killed a Killer Klown
119193 | Zot:4    | Reached skill level 26 in Armour
119784 | Zot:5    | Noticed an ancient lich
119786 | Zot:5    | Noticed a Killer Klown
119802 | Zot:5    | Killed an ancient lich
119802 | Zot:5    | Received a gift from Okawaru
119812 | Zot:5    | Killed a Killer Klown
119818 | Zot:5    | Noticed an orb of fire
119835 | Zot:5    | Killed an orb of fire
119843 | Zot:5    | Noticed a Killer Klown
119848 | Zot:5    | Killed a Killer Klown
120224 | Zot:5    | Reached skill level 27 in Armour
120256 | Zot:5    | Noticed a Killer Klown
120269 | Zot:5    | a Killer Klown changed into a caustic shrike
120652 | Zot:5    | Received a gift from Okawaru
120739 | Zot:5    | Got the Orb of Zot
121023 | Depths:5 | Noticed Weut the pandemonium lord
121097 | Depths:4 | Noticed Eptafol the pandemonium lord
121157 | Depths:1 | Noticed Motadyge the pandemonium lord
121931 | D:$      | Escaped with the Orb!

Illustrated notes

Levels and vault maps discovered:
D:1:      lightli_arrival_statue_moat, layout_loops_ring
D:2:      layout_rooms, nzn_hepliaklqana_mist_gate, hex_large, st_stairs_6,
          minmay_tetromino_t2
D:3:      layout_basic, uniq_grinder
D:4:      layout_rooms, minmay_overflow_temple_star_hex, led_sif_book
D:5:      layout_loops_ring, uniq_crazy_yiuf_cottage, uniq_menkaure
D:6:      minmay_inner_zag, layout_gridville, cheibrodos_sewer_entry_bend,
          uniq_maggie
D:7:      layout_cave_pools, minmay_temple_entry_slanted, serial_gnoll_camp,
          gnoll_camp_mini_hut, gnoll_camp_mini_shop, gnoll_camp_medium_02,
          grums_kennel, gnoll_camp_mini_shop, gnoll_camp_mini_loothouse,
          corexii_leaking_fountain, david_defended_altar_orc
D:8:      layout_loops_ring, minitemple, roderic_st_hans_cross,
          xom_confusion_cloud, uniq_erica, uniq_grum
D:9:      layout_grid_maze, lightli_minifort
D:10:     layout_loops_ring, dpeg_lair_monsters, minmay_misc_feat_chi,
          serial_bayou_pond_c
D:11:     layout_loops_cross, gammafunk_ghost_hydra_chop
D:12:     layout_loops_ring, orc_0_dummy, gauntlet_entry_generic,
          minmay_misc_feat_four_crosses
D:13:     layout_basic, david_vaults_4
D:14:     kennysheep_six_static_rooms, layout_rooms, gammafunk_ghost_spectres,
          palyth_stone_intersect
D:15:     grunt_enter_depths_magical_seal, layout_long_grid,
          grunt_decor_mini_mirrors, nrook_guardian_serpent_ordinary, uniq_rupert
Temple:   cyrus_circular_temple
Lair:1:   layout_cellular_growth, gammafunk_ghost_necromancy,
          grunt_megastairs_3, uniq_joseph
Lair:2:   layout_gridlike, minmay_snake_entry_guardpost_medium
Lair:3:   layout_loops_ring
Lair:4:   layout_loops_ring, skrybe_swamp_entry_bodies, nzn_ghost_randoct,
          infiniplex_staircase_pool_2, minmay_lair_oklob_chamber
Lair:5:   layout_cave_pods, gammafunk_ghost_arena, roderic_batcave
Lair:6:   evilmike_catoblepas_cave, layout_cave_pods, slime_altar_2, uniq_sonja
Swamp:1:  layout_basic_swamp, hangedman_swamp_diagram
Swamp:2:  layout_falls_marsh, serial_swamp_ruin, evilmike_swamp_ruin_house_3,
          evilmike_swamp_ruin_house_2, evilmike_swamp_ruin_rubble_1,
          uniq_nikola, uniq_jorgrun
Swamp:3:  layout_falls_marsh, hangedman_swamp_blocks
Swamp:4:  grunt_swamp_rune_castle, layout_basic_swamp
Snake:1:  layout_cave_pods, serial_shops, shop_fountains,
          nicolae_shop_temple_entry_statues_fountains, shop,
          nicolae_shop_temple_entry_statues_fountains,
          nicolae_shop_window_shopping, grunt_ministairs_3, grunt_megastairs_2,
          uniq_aizul
Snake:2:  layout_chambers, portal_ice_cave_entry_ice_statue_one,
          grunt_megastairs_1, minmay_shoptagon, lemuel_fruit_tree,
          serial_bayou_shore_b, uniq_agnes, uniq_vashnia
Snake:3:  layout_grid_shapes, serial_shops, nicolae_shop_waterfront,
          ebering_ghost_xom, special_room
Snake:4:  johnstein_snake_rune_scales, layout_cave_town, uniq_asterion
Orc:1:    layout_caves
Orc:2:    st_orc_ogre_mass, layout_caves, uniq_maurice
Elf:1:    minmay_elf_arrival_summoners, layout_gridlike,
          hangedman_corner_corridor, uniq_roxanne
Elf:2:    layout_geoelf_diagonals, serial_shops, shop
Elf:3:    minmay_elf_hall_statues, layout_onion_city
Vaults:1: nicolae_vaults_yaktaur_gun_rack, ontoclasm_vaults_claustrophobia,
          vaults_room_large_hall, nicolae_vaults_little_squares_4,
          nicolae_vaults_little_ls, hangedman_vaults_corner,
          vaults_room_octagon, v_alt_pattern_4, v_misc_23,
          ontoclasm_vaults_spin, vaults_standard_mumra_x,
          layout_vaults_big_cross, infiniplex_enter_wizlab_glasses
Vaults:2: v_misc_19, v_misc_14, v_misc_8, ontoclasm_vaults_pinch,
          dpeg_vaults_monster_box, layout_vaults_chaotic_city, serial_shops,
          bzr_entry_islet
Vaults:3: hangedman_vaults_slice, st_check, ontoclasm_vaults_tryst,
          nicolae_vaults_little_squares_1, vaults_dpeg_spiral, v_misc_15,
          vaults_mumra_chevron, v_pattern_5, hangedman_vaults_nails,
          hangedman_vaults_trim, vaults_mumra_chevron_long, grunt_vaults_twisty,
          minmay_crypt_entry_simple_sparse, grunt_vaults_hallway_short,
          ontoclasm_vaults_fault, vaults_dpeg_hooks,
          vaults_mumra_minichess_inversion, layout_vaults_ring
Vaults:4: ontoclasm_vaults_loading_screen, hangedman_vaults_impose,
          vaults_dpeg_doors, v_pattern_3, hangedman_vaults_slice, v_misc_2,
          nicolae_vaults_little_squares_1, nicolae_vaults_border_crossing,
          vaults_room_large_hall, vaults_mumra_minichess, layout_vaults_omnigrid
Vaults:5
Crypt:1:  layout_gridlike, basic_altar, hex_medium, grunt_ministairs_5
Crypt:2:  layout_gridlike
Crypt:3:  lightli_unholy_cathedral, layout_chaotic_city,
          nicolae_tomb_entry_rubble_hallway, lemuel_freeze_loot_1, uniq_sojobo
Depths:1: layout_honeycomb, minmay_misc_feat_enclosed, abyss_entry,
          pf_hell_entry_great_geh, serial_shops, bzr_entry_safe,
          grunt_decor_junction, minmay_misc_feat_tiny, minivault_16,
          minmay_holes, hangedman_abyss_or_decor_passed,
          serial_sigils_hangedman_writhe, chequers_serial_rivers_room_b,
          minmay_misc_feat_encased, hangedman_decor_growths, grunt_tough_drop
Depths:2: wad_guarded_room, layout_basic, serial_glass, glass_columns_a,
          glass_columns_b, rand_demon_pan_entry_8, hangedman_coc_ice_floe,
          skrybe_limestone_x, horrible_house_mu
Depths:3: grunt_forest_end_winery, layout_gridlike, enter_ziggurat_c,
          grunt_pan_entry_spiral, grunt_hell_entry_dis_mu,
          serial_bayou_lagoon_a, uniq_boris
Depths:4: minmay_shrinking_squares, layout_long_grid, kennysheep_flooded_box,
          abyss_entry, rand_demon_pan_entry_7, hell_entry,
          nicolae_blasting_shop, minmay_staircase_windowed_large,
          serial_bayou_shore_b, uniq_margery
Depths:5: grunt_twist_and_shout, layout_basic, hellmouth_1,
          rand_demon_pan_entry_3, abyss_entry, serial_bayou_shore_b
Hell
Geh:1:    layout_gehenna_lava_caves
Zot:1:    lemuel_halls_of_wrath, layout_cellular_growth,
          gammafunk_ghost_cemetery, grunt_ministairs_10
Zot:2:    hangedman_orp_of_zott, layout_twisted_circle, st_stairs_5,
          lemuel_golem_globe
Zot:3:    layout_gridlike, zot_minivault_3
Zot:4:    lemuel_draconian_sentries, layout_basic
Zot:5:    layout_twisted_circle, st_stairs_1

Skill      XL: |  1  2  3  4  5  6  7  8  9 10 11 12 13 14 15 16 17 18 19 20 21 22 23 24 25 26 27 |
---------------+----------------------------------------------------------------------------------+-----
Fighting       | 1 2 3 4 6 7 8 9 10 12 13 14 16 18 19 20 21 26 | 26.0
Maces & Flails | 1 4 7 8 |  8.0
Slings         | 1 3 4 11 13 14 | 14.0
Dodging        | 4 5 9 10 12 14 16 18 24 | 24.6
Armour         | 4 5 9 12 14 16 18 27 | 27.0
Evocations     | 5 7 8 9 12 16 | 16.0
Invocations    | 3 5 7 9 10 | 10.0
Shields        | 4 5 9 10 12 14 16 19 21 | 21.0
Short Blades   | 4 10 13 14 | 14.0
Axes           | |  1.0
Throwing       | |  1.0
Spellcasting   | |  2.4
Ice Magic      | |  2.0

Action                   |  1- 3 |  4- 6 |  7- 9 | 10-12 | 13-15 | 16-18 | 19-21 | 22-24 | 25-27 || total
-------------------------+-------+-------+-------+-------+-------+-------+-------+-------+-------++-------
Melee: Whip              |    75 |   125 |   260 |   182 |   169 |       |       |       |       ||   811
       Hand axe          |     3 |       |       |       |       |       |       |       |       ||     3
       Trident           |       |       |    19 |       |       |       |       |       |       ||    19
       Mace              |       |       |    39 |       |       |       |       |       |       ||    39
       Scimitar          |       |       |       |    20 |       |       |       |       |       ||    20
       Rapier            |       |       |       |       |       |   366 |   983 |  1130 |  2201 ||  4680
 Fire: Hunting sling     |       |    51 |   115 |   266 |  1879 |  1402 |  1905 |  1452 |  1379 ||  8449
       Fustibalus        |       |       |   120 |   544 |       |       |       |       |  2864 ||  3528
Throw: Boomerang         |       |       |     1 |       |       |       |       |       |       ||     1
       Throwing net      |       |       |       |     1 |       |       |       |       |       ||     1
       Dart              |       |       |       |       |     2 |     2 |       |       |    10 ||    14
 Cast: Magic Dart        |    33 |    13 |       |       |       |       |       |       |       ||    46
Invok: Heroism           |       |       |       |     6 |     8 |    19 |    22 |     9 |    41 ||   105
       Finesse           |       |       |       |     1 |     8 |     9 |    15 |     4 |    48 ||    85
 Abil: Evoke Blink       |       |       |       |       |     1 |       |       |       |     7 ||     8
       Evoke Flight      |       |       |       |       |       |       |       |       |     2 ||     2
Evoke: Wand              |       |       |       |     2 |    11 |     4 |     1 |       |    38 ||    56
       Box of beasts     |       |       |       |       |     2 |       |     2 |       |       ||     4
       Condenser vane    |       |       |       |       |       |     2 |       |       |     6 ||     8
       Tin of tremorston |       |       |       |       |       |       |       |       |    13 ||    13
       Lightning rod     |       |       |       |       |       |       |       |       |     3 ||     3
       Horn of Geryon    |       |       |       |       |       |       |       |       |     1 ||     1
  Use: Potion            |       |     1 |     4 |     2 |       |     5 |     2 |       |    15 ||    29
       Scroll            |       |       |    14 |    11 |    12 |     4 |     5 |    10 |    59 ||   115
 Stab: Invisible         |       |       |     3 |       |       |       |     2 |       |       ||     5
       Paralysed         |       |       |       |     7 |       |       |       |       |       ||     7
       Confused          |       |       |       |       |       |     2 |     1 |       |       ||     3
Armor: Leather armour    |    23 |    14 |     8 |       |       |       |       |       |       ||    45
       Ring mail         |       |    18 |   123 |       |       |       |       |       |       ||   141
       Skin              |       |     4 |     5 |       |       |       |       |       |       ||     9
       Swamp dragon scal |       |       |    57 |   196 |   322 |   189 |       |       |       ||   764
       Chain mail        |       |       |       |       |       |   118 |   502 |   286 |   225 ||  1131
       Gold dragon scale |       |       |       |       |       |       |       |       |   870 ||   870
Dodge: Dodged            |    68 |    90 |   351 |   528 |   722 |   660 |   742 |   481 |  1633 ||  5275
Block: Buckler           |       |       |       |       |    12 |   285 |   437 |   342 |  1023 ||  2099
       Kite shield       |       |       |       |       |       |       |       |       |   493 ||   493
       Reflection        |       |       |       |       |       |       |       |       |    24 ||    24
       Rpst.: Scimitar   |       |       |       |     4 |       |       |       |       |       ||     4
